cohdb
Replays
Latest Replays
All Replays
Popular Replays
Top Player Replays
Match Explorer
How It Works
Community
CoH3 Stats
Reddit
Sign in to upload your games and track your stats! →
Sign in with Steam
Match 41453115
Unlisted
Match 41453115
Overview
Messages
Build Orders
End
Vickers Machine Gun Team
Construct Section Command Post
Selects Indian Artillery Battlegroup
Dingo Light Scout Car
Infantry Section
Infantry Section
Selects Towed ML 4.2-inch Heavy Mortar
Selects Artillery Saturation
Construct Platoon Command Post
Unlock Bishop Self-propelled Artillery
Bishop Self-propelled Artillery
Selects Off-map Airburst Barrage
Grenade Package
Light Vehicle Training
6-pounder Anti-tank Gun Team
Selects Valour
Bishop Self-propelled Artillery
Royal Engineer Section
BeerGrills
-AL- Nimahfrosch
Skyline
KevinTDW
0
0
Comments
sign in to comment!
No comments posted yet!